 Dungeon Crawl Stone Soup version 0.27.1-33-g824d729ab1 (webtiles) character file.

Game seed: 13391263740954744497

11 coolguy420 the Conjurer (level 2, 0/20 HPs)
             Began as a Draconian Conjurer on Dec 9, 2021.
             Frozen to death by an endoplasm (5 damage)
             ... on level 1 of the Dungeon.
             The game lasted 00:01:23 (373 turns).

coolguy420 the Conjurer (Draconian Conjurer)         Turns: 373, Time: 00:01:24

Health: 0/20       AC:  4    Str:  9    XL:     2   Next: 17%
Magic:  5/5        EV: 12    Int: 18    God:
Gold:   24         SH:  0    Dex:  9    Spells: 4/5 levels left

rFire    . . .     SeeInvis .   (no weapon)
rCold    . . .     Faith    .   (no shield)
rNeg     . . .     Spirit   .   (armour unavailable)
rPois    .         Reflect  .   (helmet restricted)
rElec    .         Harm     .   (no cloak)
rCorr    .         Rampage  .   (no gloves)
Will     .....                  (no boots)
Stlth    ++........             (no amulet)
HPRegen  0.06/turn              (no ring)
MPRegen  0.09/turn              (no ring)

@: slowed, very slow
A: AC +4, unfitting armour, cold-blooded
a: no special abilities


You were on level 1 of the Dungeon.
You visited 1 branch of the dungeon, and saw 1 of its levels.

You collected 24 gold pieces.

You aren't carrying anything.


   Skills:
 + Level 1.8 Dodging
 + Level 1.8 Stealth
 + Level 2.0 Spellcasting
 + Level 4.4 Conjurations


You had 4 spell levels left.
You knew the following spells:

 Your Spells              Type           Power      Damage    Failure   Level
a - Magic Dart            Conj           68%        1d6       3%          1

Your spell library contained the following spells:

 Spells                   Type           Power      Damage    Failure   Level
 Searing Ray              Conj           34%        3d4       4%          2
 Dazzling Flash           Conj/Hex       18%        N/A       22%         3
 Fulminant Prism          Conj/Hex       4%         3d6       58%         4
 Iskenderun's Mystic Bla  Conj/Tloc      9%         2d4       58%         4


Dungeon Overview and Level Annotations

Branches:
Dungeon (1/15)

Altars:


Innate Abilities, Weirdness & Mutations

Your plain brown scales are hard. (AC +4)
You cannot fit into any form of body armour.
You are cold-blooded and may be slowed by cold attacks.


Message History

You miss the frilled lizard.
Your tail-slap misses the frilled lizard.
The frilled lizard bites you.
You barely miss the frilled lizard. The frilled lizard closely misses you.
You barely miss the frilled lizard. You tail-slap the frilled lizard.
You kill the frilled lizard!
You see here a frilled lizard corpse.
A bat comes into view.
A bat is nearby!
A bat is nearby!
An endoplasm comes into view.
The endoplasm quivers.
The helpless bat fails to defend itself.
You hit the bat but do no damage. The bat completely misses you.
The endoplasm freezes you.
You are frozen.
You barely miss the endoplasm. The bat hits you but does no damage.
The endoplasm freezes you.
You are frozen.
The bat hits you.
You barely miss the endoplasm. You tail-slap the endoplasm.
The endoplasm is heavily wounded.
The bat hits you but does no damage. The bat barely misses you.
The endoplasm closely misses you.
You hit the endoplasm.
The endoplasm is severely wounded.
The bat barely misses you. The endoplasm freezes you.
You are frozen.
You hit the endoplasm but do no damage.
The endoplasm is severely wounded.
The endoplasm freezes you.
You are frozen.
* * * LOW HITPOINT WARNING * * *
You feel yourself slow down. The bat closely misses you.
You hit the endoplasm.
The endoplasm is almost dead.
The bat barely misses you. The endoplasm freezes you.
You are frozen.
You die...

#########
........#######
#...........######.
#..................
#.....#####.##.#.#.
#####.....#####.# #
.......#......#.##.#.#
###....####.#.@J...#
#.#†## ##..b....#
..###.#.# .#..##.##
........## .# #.#
..###....# .# #..
......#..# ## ###
#####.#..# #.#..#
#.#..######


You could see an endoplasm and a bat.

Vanquished Creatures
  A gnoll (D:1)
  A bat (D:1)
  A frilled lizard (D:1)
3 creatures vanquished.

Notes
Turn   | Place    | Note
-------+----------+-------------------------------------------
     0 | D:1      | coolguy420 the Draconian Conjurer began the quest for the
                  | Orb.
     0 | D:1      | Reached XP level 1. HP: 14/14 MP: 3/3
    84 | D:1      | Reached XP level 2. HP: 11/20 MP: 0/5
   373 | D:1      | Frozen to death by an endoplasm

Illustrated notes

Levels and vault maps discovered:
D:1:      dpeg_arrival_boxes_within_box, layout_loops_ring,
          shapermc_ecumenical_altar_petra, minmay_hexomino_f4

Action                   || total
-------------------------++-------
Melee: Unarmed           ||    12
       Tailslap          ||     2
 Cast: Magic Dart        ||    10
 Stab: Sleeping          ||     1
Armor: Skin              ||    12
Dodge: Dodged            ||    23
